Map: Bridgehead LE (Void)

Players

Arthur

  • Race: Protoss Protoss
  • League: Diamond

Spellchansky - Winner!

  • Race: Protoss Protoss
  • League: Master

Event: ASL Season 5 Prime League LOTV Beta

VOD

Have the link to the VOD?

Description

Time

  • Played on: Sept. 7, 2015, 9:53 p.m.
  • Length: 12:30

All games in this series

Show
View Real Time Build Order
Export as new Build Order

Arthur Protoss 

Build Orders: 1 Gate Expand 

Get SALT Encoding   

  12  0:00  Probe (Chrono Boost)  
  13  0:10  Probe (Chrono Boost)  
  14  0:18  Pylon  
  14  0:22  Probe (Chrono Boost)  
  15  0:36  Probe (Chrono Boost)  
  15  0:41  Gateway  
  16  0:46  Probe (Chrono Boost)  
  16  0:47  Assimilator  
  17  0:56  Probe (Chrono Boost)  
  18  1:06  Probe (Chrono Boost)  
  19  1:16  Probe (Chrono Boost)  
  20  1:21  Nexus  
  20  1:26  Probe (Chrono Boost)  
  21  1:35  Cybernetics Core  
  21  1:38  Probe (Chrono Boost)  
  22  1:44  Pylon  
  22  1:49  Probe (Chrono Boost)  
  23  1:55  Assimilator  
  23  2:02  Probe (Chrono Boost)  
  24  2:11  Adept  
  24  2:12  Mothership Core (Chrono Boost)  
  28  2:23  Gateway  
  28  2:28  Warp Gate (Chrono Boost)  
  28  2:31  Probe  
  28  2:36  Probe  
  29  2:38  Adept  
  29  2:41  Probe  
  33  2:46  Probe  
  33  2:51  Probe  
  34  2:58  Probe  
  35  3:02  Probe, Pylon  
  35  3:05  Adept  
  38  3:15  Robotics Facility  
  38  3:21  Gateway  
  38  3:25  Pylon  
  38  3:31  Probe, Pylon  
  38  3:32  Probe  
  40  3:37  Sentry  
  40  3:40  Adept  
  44  3:43  Probe  
  44  3:44  Probe  
  46  3:51  Pylon  
  46  3:54  Probe  
  46  3:56  Probe  
  47  4:04  Probe  
  47  4:08  Probe  
  48  4:17  Probe  
  47  4:20  Probe, Assimilator  
  47  4:22  Assimilator  
  49  4:24  Twilight Council  
  49  4:27  Stalker  
  49  4:28  Stalker  
  49  4:31  Stalker  
  55  4:33  Observer  
  56  4:39  Probe x2 (Chrono Boost)  
  56  4:40  Pylon  
  58  4:50  Probe x2 (Chrono Boost)  
  60  4:55  Pylon  
  64  5:00  Probe (Chrono Boost)  
  64  5:01  Stalker  
  64  5:02  Stalker  
  65  5:10  Sentry  
  65  5:12  Probe x2 (Chrono Boost)  
  67  5:19  Immortal (Chrono Boost)  
  71  5:22  Forge  
  71  5:40  Shield Upgrade  
  71  5:51  Gateway x2, Immortal (Chrono Boost)  
  71  5:56  Protoss Ground Weapons Level 1 (Chrono Boost)  
  75  5:57  Gateway  
  75  5:59  Pylon  
  75  6:07  Sentry  
  75  6:08  Adept x2  
  81  6:12  Pylon  
  81  6:14  Pylon  
  81  6:18  Photon Cannon  
  81  6:23  Photon Cannon  
  81  6:25  Immortal  
  85  6:49  Nexus  
  85  6:52  Pylon  
  85  6:59  Robotics Bay  
  85  7:03  Immortal  
  89  7:11  Templar Archives, Probe (Chrono Boost)  
  89  7:13  Probe (Chrono Boost)  
  91  7:20  Probe (Chrono Boost)  
  92  7:24  Probe (Chrono Boost)  
  93  7:30  Probe, Pylon  
  93  7:35  Probe  
  95  7:40  Probe  
  95  7:42  Observer, Protoss Ground Weapons Level 2 (Chrono Boost)  
  97  7:50  Probe  
  95  7:51  Probe  
  97  7:59  Pylon  
  97  8:00  Probe  
  97  8:01  Probe  
  97  8:03  Probe, Disruptor  
  100  8:07  Pylon  
  100  8:09  Blink (Chrono Boost)  
  100  8:10  Probe  
  103  8:13  Probe  
  103  8:16  Assimilator  
  103  8:17  Pylon  
  104  8:20  Assimilator  
  104  8:24  Gateway  
  104  8:25  Gateway  
  104  8:27  High Templar x4  
  104  8:28  Zealot x2  
  104  8:31  Probe x2, Pylon  
  104  8:32  Archon x2  
  118  8:35  Photon Cannon  
  118  8:36  Probe  
  118  8:39  Pylon  
  119  8:44  Disruptor  
  119  8:46  Probe  
  120  8:53  Probe  
  120  8:54  Probe  
  125  9:11  Gateway  
  125  9:13  Disruptor  
  125  9:15  Gateway  
  128  9:28  Zealot x4, High Templar x2  
  128  9:29  Zealot x2  
  144  9:36  Pylon  
  144  9:37  Pylon  
  144  9:39  Archon  
  144  9:44  Warp Prism  
  144  9:49  Protoss Ground Weapons Level 3 (Chrono Boost)  
  146  10:00  Stalker x2  
  146  10:01  Stalker x4  
  146  10:02  Stalker  
  160  10:11  Colossus  
  160  10:13  Robotics Facility  
  166  10:35  Extended Thermal Lance  
  166  10:47  Stalker x2  
  169  10:50  Probe  
  169  10:51  Photon Cannon  
  169  10:52  Probe x2  
  172  11:02  Observer  
  108  11:14  Colossus (Chrono Boost)  
  108  11:16  Stalker x3  
  97  11:28  Colossus (Chrono Boost)  
  97  11:32  Zealot x2  
  94  11:33  Zealot x5  
  112  11:40  Pylon  
  110  11:55  Mothership Core (Chrono Boost)  
  112  12:03  Adept, Zealot  
  112  12:04  Adept x3  
  112  12:06  Adept  
  123  12:10  Adept  
  123  12:22  Adept  
  111  12:23  Adept  
Show
View Real Time Build Order
Export as new Build Order

Spellchansky Protoss - Winner!

Build Orders: Oracle Opening 

Get SALT Encoding   

  12  0:00  Probe (Chrono Boost)  
  13  0:10  Probe (Chrono Boost)  
  14  0:19  Pylon  
  14  0:21  Probe (Chrono Boost)  
  15  0:37  Probe (Chrono Boost)  
  15  0:39  Gateway  
  16  0:47  Probe (Chrono Boost)  
  17  0:51  Assimilator  
  17  0:57  Probe (Chrono Boost)  
  17  0:58  Assimilator  
  18  1:07  Probe (Chrono Boost)  
  18  1:09  Pylon  
  19  1:17  Probe (Chrono Boost)  
  20  1:27  Cybernetics Core, Probe (Chrono Boost)  
  21  1:38  Probe (Chrono Boost)  
  22  1:52  Nexus  
  22  1:57  Probe (Chrono Boost)  
  23  2:08  Stargate  
  23  2:12  Probe (Chrono Boost)  
  24  2:15  Warp Gate (Chrono Boost)  
  24  2:17  Adept  
  26  2:25  Probe (Chrono Boost)  
  27  2:35  Probe (Chrono Boost)  
  28  2:46  Probe (Chrono Boost)  
  29  2:55  Pylon  
  29  2:59  Oracle (Chrono Boost)  
  29  3:05  Mothership Core (Chrono Boost)  
  34  3:10  Probe (Chrono Boost)  
  35  3:14  Gateway  
  35  3:22  Probe (Chrono Boost)  
  35  3:23  Probe (Chrono Boost)  
  35  3:24  Robotics Facility  
  37  3:32  Probe (Chrono Boost)  
  37  3:33  Probe (Chrono Boost)  
  37  3:34  Pylon x2  
  39  3:41  Probe (Chrono Boost)  
  39  3:44  Probe  
  41  3:51  Probe  
  42  3:56  Probe  
  42  4:00  Forge  
  42  4:01  Probe  
  43  4:08  Probe  
  45  4:11  Probe  
  46  4:20  Probe, Void Ray (Chrono Boost)  
  46  4:21  Probe, Assimilator  
  46  4:23  Assimilator  
  52  4:32  Probe x2, Protoss Ground Weapons Level 1 (Chrono Boost)  
  52  4:36  Observer  
  54  4:42  Pylon  
  54  4:43  Adept x2  
  54  4:44  Probe x2, Pylon  
  61  4:52  Photon Cannon  
  61  4:53  Pylon  
  61  4:56  Probe  
  61  4:57  Probe  
  63  5:04  Pylon  
  63  5:08  Probe  
  63  5:09  Immortal, Probe  
  63  5:12  Adept  
  63  5:13  Adept  
  73  5:22  Twilight Council  
  73  5:32  Gateway  
  73  5:34  Gateway x2  
  73  5:52  Adept x2  
  73  5:56  Probe  
  78  6:06  Probe  
  78  6:10  Nexus  
  79  6:13  Protoss Ground Weapons Level 2 (Chrono Boost)  
  79  6:17  Immortal  
  79  6:18  Robotics Bay  
  79  6:21  Photon Cannon  
  83  6:28  Probe  
  83  6:32  Probe  
  85  6:40  Probe  
  85  6:43  Adept x2  
  85  6:44  Pylon  
  85  6:45  Templar Archives  
  90  6:49  Adept x2  
  94  6:56  Probe  
  94  6:57  Shield Upgrade  
  95  7:01  Probe  
  96  7:09  Probe  
  96  7:12  Disruptor  
  96  7:13  Probe  
  96  7:14  Pylon  
  98  7:16  Assimilator  
  98  7:20  Assimilator  
  98  7:22  Probe  
  102  7:24  Robotics Facility  
  102  7:25  Probe  
  102  7:27  Probe  
  104  7:36  Probe  
  104  7:38  Probe  
  104  7:42  Disruptor  
  104  7:43  Pylon  
  107  7:44  Probe, Pylon x2  
  107  7:46  Photon Cannon  
  107  7:47  Probe  
  111  7:57  Adept x5  
  121  8:02  Probe  
  122  8:06  Protoss Ground Weapons Level 3 (Chrono Boost)  
  122  8:11  Disruptor  
  125  8:18  Pylon  
  125  8:21  Dark Shrine  
  125  8:22  Photon Cannon  
  125  8:24  Nexus  
  125  8:32  Disruptor  
  125  8:35  Pylon x2  
  128  8:41  High Templar  
  128  8:42  High Templar  
  128  8:45  Archon  
  129  8:49  Colossus  
  129  8:54  Assimilator  
  135  8:56  Assimilator  
  135  9:01  Photon Cannon  
  135  9:02  Photon Cannon  
  135  9:04  Colossus  
  135  9:07  Pylon  
  135  9:10  Photon Cannon  
  135  9:14  Extended Thermal Lance (Chrono Boost)  
  135  9:15  Photon Cannon  
  141  9:22  Probe  
  142  9:31  Charge (Chrono Boost)  
  142  9:46  Adept  
  142  9:47  Adept x4  
  152  9:54  Oracle  
  152  9:59  Probe  
  156  10:00  Pylon  
  156  10:02  Colossus  
  156  10:03  Colossus  
  156  10:06  Photon Cannon  
  156  10:07  Dark Templar  
  156  10:12  Protoss Shields Level 1  
  170  10:25  Zealot x4  
  178  10:46  Dark Templar  
  178  10:47  Dark Templar, Zealot  
  194  11:08  Zealot x3  
  194  11:09  Probe  
  194  11:11  Probe  
  190  11:14  Probe  
  190  11:15  Probe  
  186  11:21  Probe  
  186  11:22  Photon Cannon  
  185  11:25  Photon Cannon  
  185  11:27  Probe, Pylon  
  185  11:30  Observer x2  
  184  11:34  Stalker x2  
  184  11:36  Stalker  
  176  11:43  High Templar x2  
  176  11:47  Gateway  
  180  11:49  Gateway  
  180  11:50  Gateway  
  180  11:54  Gateway  
  180  11:55  Archon  
  180  12:01  Dark Templar x2  
  184  12:02  Dark Templar  
  184  12:04  Probe  
Tags
 
Add a new tag
Caveats
  • Supply blocks, unpowered buildings, or Contaminate may cause inaccurate times.
  • Supply counts are checked every 10 seconds.